 Dungeon Crawl Stone Soup version 0.18-a0-1179-g120c792 (webtiles) character file.

61 Reinor the Scratcher (level 3, -1/15 HPs)
             Began as a Felid Transmuter on Jan 27, 2016.
             Slain by a giant newt (2 damage)
             ... on level 2 of the Dungeon.
             The game lasted 00:03:12 (1235 turns).

Reinor the Scratcher (Felid Transmuter)             Turns: 1235, Time: 00:03:12

Health: -1/15      AC:  1    Str:  6    XL:     3   Next: 83%
Magic:  7/7        EV: 18    Int: 15    God:
Gold:   47         SH:  0    Dex: 16    Spells: 3 memorised, 0 levels left
                                        Lives:  0   Deaths: 0

rFire  . . .     SeeInvis +       - Unarmed
rCold  . . .     Gourm    .     (armour unavailable)
rNeg   . . .     Faith    .     (shield unavailable)
rPois  .         Spirit   .     (helmet unavailable)
rElec  .         Dismiss  .     (cloak unavailable)
rCorr  .         Reflect  .     (gloves unavailable)
SustAt .         Harm     .     (boots unavailable)
MR     .....                    (no amulet)
Stlth  ++........               (no ring)
                                (no ring)

@: appendage (expiring), quick, not resistant to hostile enchantments,
unstealthy
A: no armour, no weapons or thrown items, claws 1, fangs 3, horns 2, see
invisible, carnivore 3, speed 1, shaggy fur 1, slow metabolism 1, sharp paws
a: End Transformation


You were on level 2 of the Dungeon.
You were completely stuffed.
You had grown temporary horns.
You visited 1 branch of the dungeon, and saw 2 of its levels.

You collected 47 gold pieces.

Inventory:

Missiles
 a - 11 arrows
Jewellery
 f - an uncursed amulet of faith
Scrolls
 d - 2 scrolls of remove curse
 e - a scroll of teleportation
Potions
 g - a potion of poison {unknown}
 j - a potion of curing
Books
 b - a book of Changes

   Spells                             Type                      Level
   a - Beastly Appendage              Transmutation                1
   b - Sticks to Snakes               Transmutation                2
   c - Spider Form                    Transmutation/Poison         3
   d - Ice Form                       Ice/Transmutation            4
   e - Blade Hands                    Transmutation                5
Comestibles
 c - a meat ration
 i - a chunk of flesh


   Skills:
 - Level 1.0 Fighting
 - Level 2.6 Dodging
 + Level 4.8 Unarmed Combat
 - Level 2.0 Spellcasting
 - Level 2.1 Transmutations


You couldn't memorise any spells.
You knew the following spells:

 Your Spells              Type           Power        Failure   Level  Hunger
a - Beastly Appendage     Trmt           #.....       12%         1    #......
b - Sticks to Snakes      Trmt           #.......     14%         2    ###....
c - Spider Form           Trmt/Pois      #.........   43%         3    ###....


Dungeon Overview and Level Annotations

Branches:
Dungeon (2/15)

Altars:


Innate Abilities, Weirdness & Mutations

You cannot wear armour.
You are incapable of wielding weapons or throwing items.
You have sharp claws.
You have razor-sharp teeth.
You have supernaturally acute eyesight.
You are carnivorous and can eat meat at any time.
You cover ground quickly.
You are covered in fur (AC +1).
You have a slow metabolism.
Your sharp claws are effective at attacking unaware monsters.
You have a pair of horns on your head.


Message History

You barely miss the jackal. You claw the jackal, but do no damage.
The jackal is heavily wounded.
The jackal misses you. The jackal closely misses you.
You scratch the jackal.
The jackal is almost dead.
The jackal barely misses you.
You closely miss the jackal.
The jackal is almost dead.
The jackal misses you.
You scratch the jackal but do no damage.
Your bite misses the jackal.
The jackal is almost dead.
The jackal completely misses you.
You scratch the jackal.
You kill the jackal!
You closely miss the giant newt. The giant newt bites you.
* * * LOW HITPOINT WARNING * * *
You miss the giant newt. Your bite misses the giant newt.
The giant newt bites you.
You die...

#..........##..
#....?......
##.....(...# ##
..(........# ##.
.....$.†...# #..
##.........# ..
##.......## .#
##......###†#
######..l@.#
#.....#### ##.###.###
#.#
..........#####.####
#......###..........
####.#†###.#####..###
# #. #..##.#####....
...
####.###..#...#....##
#..
..........##....#...##
#.


You could see a giant newt.

Vanquished Creatures
  An adder (D:2)
  2 oozes (D:1)
  A giant gecko (D:1)
  2 bats (D:1)
  3 giant cockroaches
  A goblin (D:1)
  4 hobgoblins
  5 jackals
  2 giant newts
  5 kobolds (D:1)
  9 rats
35 creatures vanquished.

Vanquished Creatures (collateral kills)
  An adder (D:2)
1 creature vanquished.

Grand Total: 36 creatures vanquished

Notes
Turn   | Place    | Note
--------------------------------------------------------------
     0 | D:1      | Reinor the Felid Transmuter began the quest for the Orb.
     0 | D:1      | Reached XP level 1. HP: 9/9 MP: 4/4
   212 | D:1      | Reached XP level 2. HP: 12/12 MP: 6/6
   216 | D:1      | Learned a level 2 spell: Sticks to Snakes
   539 | D:1      | Reached skill level 4 in Unarmed Combat
   726 | D:1      | Reached XP level 3. HP: 10/15 MP: 5/7
   736 | D:1      | Learned a level 3 spell: Spider Form
  1235 | D:2      | Slain by a giant newt

Vault maps used:
D:1:      onia_arrival_handbag, nrook_mini_vaults
D:2:      lemuel_round_altar, uniq_terence

Action                   || total
-------------------------++-------
Melee: Unarmed           ||    92
 Cast: Beastly Appendage ||     5
       Sticks to Snakes  ||     1
  Use: Scroll            ||     7
 Stab: Sleeping          ||    11
  Eat: Chunk             ||     8
